 Dungeon Crawl Stone Soup version 0.14-a0-1444-g21dc12d (webtiles) character file.

0 M4edhros the Skirmisher (level 1, -1/16 HPs)
             Began as an Octopode Abyssal Knight on Dec 12, 2013.
             Was a Follower of Lugonu.
             Slain by a starspawn tentacle (3 damage)
             ... attached to a tentacled starspawn
             ... on Level 1 of the Abyss.
             The game lasted 00:00:17 (56 turns).

M4edhros the Skirmisher (Octopode Abyssal Knight)     Turns: 56, Time: 00:00:17

HP  -1/16        AC  1     Str 11      XL: 1   Next:  0%
MP   0/0         EV 12     Int 14      God: Lugonu [*.....]
Gold 0           SH  0     Dex 10 (11) Spells:  0 memorised,  0 levels left

rFire  . . .     SeeInvis .     a - +2 spear
rCold  . . .     Clarity  .     (no shield)
rNeg   . . .     Conserve .     (helmet restricted)
rPois  .         rCorr    .     (no amulet)
rElec  .         rRot     .     (no ring)
SustAb . .       Spirit   .     (no ring)
rMut   .         Warding  .     (no ring)
Saprov . . .     Stasis   .     (no ring)
                                (no ring)
                                (no ring)
                                (no ring)
                                (no ring)

@: non-regenerating, diseased, constricted, not resistant to hostile
enchantments, fairly stealthy
A: almost no armour, amphibious, 8 rings, constrict 8, camouflage 1, low mp 1,
gelatinous body 1
a: Depart the Abyss, Renounce Religion


You were on level 1 of the Abyss.
You worshipped Lugonu.
Lugonu was aware of your devotion.
You were not hungry.

You visited 0 branches of the dungeon, and saw 0 of its levels.
You visited the Abyss 1 time.

Inventory:

Hand weapons
 a - a +2,+2 spear (weapon)
Comestibles
 c - a bread ration
Scrolls
 b - a scroll of recharging {unknown}


   Skills:
 - Level 3.0 Fighting
 + Level 2.0 Polearms
 + Level 2.3 Dodging
 + Level 2.0 Invocations


You couldn't memorise any spells.
You didn't know any spells.

Dungeon Overview and Level Annotations

Branches:
Dungeon (0/16)

Altars:


Innate Abilities, Weirdness & Mutations

You cannot wear most types of armour.
You are amphibious.
You can wear up to eight rings at the same time.
You can use your tentacles to constrict many enemies at once.
Your skin changes colour to match your surroundings (Stlth).
Your rubbery body absorbs attacks (AC +1).
Your magical capacity is low (-10% MP).


Message History

You feel ill.
The small abomination closely misses you.
You completely miss the quasit. Your grab misses the quasit.
The small abomination hits you.
A tentacle flies out from the starspawn's body!
The quasit misses you. The quasit claws you.
You feel clumsy.
Unknown command.
You puncture the small abomination!
The small abomination is moderately damaged.
The small abomination hits you!
* * * LOW HITPOINT WARNING * * *
The quasit bites you.
* * * LOW HITPOINT WARNING * * *
The quasit completely misses you. The quasit claws you.
* * * LOW HITPOINT WARNING * * *
The small abomination closely misses you.
The starspawn tentacle grabs you.
You die...

$ # . ###. .. .#. ..#
..## ..#. ####*#.. #..#
# ..# #.#*.* . .#..#
##.#. ####.*###*..
..###...###.4xXx.**....
.....#.
...#..#5@w*.#... %.
.........4###.w.##
.......5..3.# ##.##
....... .....# ..#
.....#. .5.#..# ...#
#...## ...###........ .
... .....# .#.....#. ..
..... ....###...##
.............# #.


You could see a tentacled starspawn, an orange demon, an ancient zyme, a small
abomination, 2 starspawn tentacles and a quasit.

Vanquished Creatures (others)
  A starspawn tentacle (Abyss:1)
  34 starspawn tentacle segments (Abyss:1)
35 creatures vanquished.

Notes
Turn   | Place    | Note
--------------------------------------------------------------
     0 | Abyss:1  | M4edhros, the Octopode Abyssal Knight, began the quest for the Orb.
     0 | Abyss:1  | Reached XP level 1. HP: 16/16 MP: 1/1
    29 | Abyss:1  | Noticed a tentacled starspawn
    31 | Abyss:1  | Noticed an ancient zyme
    35 | Abyss:1  | Noticed an ancient zyme
    43 | Abyss:1  | Noticed a neqoxec
    43 | Abyss:1  | Noticed an orange demon
    43 | Abyss:1  | Gained mutation: Your magical capacity is low (-10% MP). [a neqoxec]
    45 | Abyss:1  | Noticed a quasit
    45 | Abyss:1  | Noticed a crimson imp
    51 | Abyss:1  | Noticed a small abomination
    51 | Abyss:1  | Noticed a tentacled starspawn
    56 | Abyss:1  | Slain by a starspawn tentacle

Action                   || total
-------------------------++-------
Melee: Spear             ||     2
